 Dungeon Crawl Stone Soup version 0.20.0-14-g326068f (webtiles) character file.

18813 vatarom the Nimble (level 12, -8/99 HPs)
             Began as a Vine Stalker Assassin on June 8, 2017.
             Was a Believer of Uskayaw.
             Mangled by a komodo dragon (11 damage)
             ... on level 1 of the Lair of Beasts.
             The game lasted 00:36:30 (10815 turns).

vatarom the Nimble (Vine Stalker Assassin)         Turns: 10815, Time: 00:36:30

Health: -8/99      AC: 26    Str: 17    XL:     12   Next: 62%
Magic:  0/21       EV:  2    Int: 13    God:    Uskayaw [**....]
Gold:   673        SH:  0    Dex: 18    Spells: 11/11 levels left

rFire    + . .     SeeInvis +   G - +5 dagger (holy)
rCold    . . .     Gourm    .   (no shield)
rNeg     + + +     Faith    .   (armour currently unavailable)
rPois    +         Spirit   +   (helmet currently unavailable)
rElec    .         Reflect  .   (cloak currently unavailable)
rCorr    .         Harm     .   (gloves currently unavailable)
MR       +....     NoTele   +   (boots currently unavailable)
Stlth    +++.......             (no amulet)
Regen    1.1/turn               H - ring of protection from fire
MPRegen  0.2/turn               w - ring of see invisible

@: lethally poisoned (-8 -> -10), tree-form, slowed, very slow
A: clever 1, high mp 1, regeneration 2, magic shield, no potion heal 3, rot
immunity
a: Stomp, Line Pass, Renounce Religion


You were on level 1 of the Lair of Beasts.
You worshipped Uskayaw.
Uskayaw was aware of your devotion.
You were not hungry.
You were a tree.
You visited 3 branches of the dungeon, and saw 14 of its levels.
You also visited: Sewer and Bailey.

You collected 916 gold pieces.
You spent 243 gold pieces at shops.

Inventory:

Hand Weapons
 a - a +2 dagger
 b - a +0 blowgun
 G - a +5 dagger of holy wrath (weapon)
Missiles
 e - 37 poisoned needles
 A - 5 javelins of returning (quivered)
Armour
 c - a +0 robe
 d - a +1 cloak (melded)
 v - +0 gold dragon scales
 E - a +2 scale mail of cold resistance (melded)
 F - a +0 pair of gloves
 K - a cursed +0 pair of gloves (melded)
Jewellery
 k - an uncursed ring of protection from fire
 w - a ring of see invisible (right branch)
 H - a ring of protection from fire (left branch)
 N - an uncursed ring of stealth
Wands
 n - a wand of confusion (8/48)
 y - a wand of disintegration (11/24)
 z - a wand of enslavement (15/24)
 D - a wand of clouds (3/9)
 I - a wand of iceblast (5/15)
 J - a wand of disintegration (7/24)
 L - a wand of random effects (9/48)
 M - a wand of flame (19/48)
 P - a wand of random effects (41/48)
Scrolls
 j - 4 scrolls of immolation
 l - 3 scrolls of teleportation
 r - 4 scrolls of identify
 t - 4 scrolls of fog
 x - 2 scrolls of enchant armour
 B - 9 scrolls of remove curse
 C - a scroll of noise
 Q - a scroll of recharging
 R - a scroll of magic mapping
Potions
 m - 2 potions of berserk rage
 o - 6 potions of curing
 s - a potion of lignification
 u - 2 potions of brilliance
Books
 p - a book of Minor Magic

   Spells                             Type                      Level
   a - Magic Dart                     Conjuration                  1
   b - Blink                          Translocation                2
   c - Call Imp                       Summoning                    2
   d - Slow                           Hexes                        2
   e - Conjure Flame                  Conjuration/Fire             3
   f - Mephitic Cloud                 Conjuration/Poison/Air       3
 O - a book of Enchantments

   Spells                             Type                      Level
   a - Cause Fear                     Hexes                        4
   b - Yara's Violent Unravelling     Hexes/Transmutation          5
   c - Silence                        Hexes/Air                    5
   d - Deflect Missiles               Charms/Air                   6
   e - Discord                        Hexes                        8
Comestibles
 g - 4 bread rations
 h - 14 royal jellies
 i - 6 meat rations
 q - 3 fruits


   Skills:
 - Level 9.0 Fighting
 - Level 7.9 Short Blades
 * Level 3.4 Throwing
 - Level 7.3 Armour
 - Level 9.4 Dodging
 - Level 5.2 Stealth
 + Level 9.1 Invocations


You had 11 spell levels left.
You didn't know any spells.

Dungeon Overview and Level Annotations

Branches:
Dungeon (12/15)            Temple (1/1) D:5            Lair (1/6) D:8
    Orc (0/2) D:11

Altars:
Ashenzari
Cheibriados
Dithmenos
Elyvilon
Fedhas
Gozag
Hepliaklqana
Kikubaaqudgha
Makhleb
Nemelex Xobeh
Okawaru
Qazlal
Ru
Sif Muna
Trog
Uskayaw
Vehumet
Xom
Yredelemnul
Zin
The Shining One

Shops:
D:6 *   D:11 ?

Portals:
Trove: D:10 (give 2 scrolls of acquirement)

Annotations:
Lair:1 Sonja


Innate Abilities, Weirdness & Mutations

((You have razor-sharp teeth.))
You heal very quickly.
When hurt, damage is shared between your health and your magic reserves.
((Your bite disrupts and absorbs the magic of your enemies.))
Potions cannot restore your health.
You are immune to rotting.
((Your skin changes colour to match your surroundings (Stealth+).))
Your mind is acute. (Int +2)
You have an increased reservoir of magic. (+10% MP)


Message History

Sonja mumbles some strange words.
Sonja blinks!
The komodo dragon bites you.
* * * LOW HITPOINT WARNING * * *
You hit the komodo dragon.
The komodo dragon is severely wounded.
You feel sick.
Sonja gestures wildly while chanting.
Sonja blinks!
Sonja mumbles some strange words.
Sonja blinks!
You cannot teleport because you are held in place by your roots.
You hit the komodo dragon.
The komodo dragon is severely wounded.
You feel sick. The komodo dragon bites you!
* * * LOW HITPOINT WARNING * * *
You can now pass through a line of other dancers.
You barely miss the komodo dragon.
The komodo dragon is severely wounded.
You feel sick. The komodo dragon bites you!
You die...

.............( ...............
................ ............(.
.............(. .
....§#.#..P(### .#.........l...#
.....#...♣....#....
#...#.............
##...#.(%............
#....#(...§.........#
#.................# .... ##
###...+........#....# .....
P##.##P....#........#....###...#
...........####.#.###....##P.#.#
................................


You could see a komodo dragon.

Vanquished Creatures
  2 two-headed ogres
  A deep elf archer (Bailey)
  10 deep elf magi (Bailey)
  A manticore (D:11)
  An ugly thing (D:11)
  Psyche (D:8)
  Maurice (D:8)
  A gargoyle (D:11)
  A centaur skeleton (D:9)
  A komodo dragon (Lair:1)
  3 trolls
  4 blink frogs (Lair:1)
  2 hippogriffs
  Sigmund (D:2)
  A shadow (D:11)
  A wyvern (D:10)
  3 hungry ghosts
  Menkaure (D:6)
  A porcupine (Lair:1)
  A water moccasin (D:8)
  5 orc warriors
  3 black bears
  3 ice beasts
  An eye of draining (D:11)
  A hornet zombie (D:8)
  3 sky beasts
  An ogre (D:7)
  4 phantoms
  3 wolves (D:8)
  7 centaurs
  A crocodile (Lair:1)
  Blork the orc (D:5)
  8 big kobolds (Sewer)
  A gnoll sergeant (D:6)
  4 bullfrogs
  5 scorpions
  3 killer bees (D:11)
  8 wights
  3 howler monkeys (D:8)
  3 crimson imps
  3 electric eels (D:8)
  A centaur zombie (D:5)
  A quasit (D:10)
  A bullfrog zombie (D:6)
  15 hounds
  4 jellies
  7 orc priests
  9 orc wizards
  A bullfrog skeleton (D:9)
  A gnoll shaman (D:5)
  5 iguanas
  Ijyb (D:3)
  Terence (D:3)
  4 worker ants
  5 hound skeletons
  A howler monkey zombie (D:5)
  A howler monkey skeleton (D:5)
  12 gnolls
  23 adders
  A river rat (Sewer)
  10 oozes
  3 worms
  3 dart slugs
  2 leopard geckos (D:10)
  35 orcs
  3 ball pythons (Sewer)
  7 bats
  3 giant cockroaches
  11 goblins
  6 hobgoblins
  12 jackals
  5 quokkas
  3 frilled lizards
  A jackal skeleton (D:9)
  9 kobolds
  A leopard gecko zombie (D:5)
  A quokka zombie (D:8)
  12 rats
330 creatures vanquished.

Notes
Turn   | Place    | Note
-------+----------+-------------------------------------------
     0 | D:1      | vatarom the Vine Stalker Assassin began the quest for the Orb.
     0 | D:1      | Reached XP level 1. HP: 11/11 MP: 2/2
   184 | D:1      | Reached skill level 5 in Stealth
   301 | D:1      | Reached XP level 2. HP: 9/15 MP: 3/3
  1463 | D:2      | Reached XP level 3. HP: 19/19 MP: 4/4
  1509 | D:2      | Noticed Sigmund
  1525 | D:2      | Killed Sigmund
  1525 | D:2      | Reached skill level 5 in Fighting
  1525 | D:2      | Gained mutation: Your natural rate of healing is unusually fast. [Vine Stalker growth]
  1525 | D:2      | Reached XP level 4. HP: 27/27 MP: 5/5
  1525 | D:2      | Reached XP level 5. HP: 30/30 MP: 6/6
  1534 | D:2      | Reached XP level 6. HP: 34/35 MP: 7/7
  1548 | D:2      | Found a burning altar of Makhleb.
  2271 | D:3      | Noticed Terence
  2271 | D:3      | Noticed Ijyb
  2279 | D:3      | Killed Ijyb
  2293 | D:3      | Killed Terence
  2399 | D:3      | Found a glowing drain.
  2432 | Sewer    | Entered a sewer
  2588 | Sewer    | Reached skill level 1 in Dodging
  2588 | Sewer    | Reached XP level 7. HP: 29/40 MP: 6/8
  3019 | Sewer    | Gained mutation: You have razor-sharp teeth. [Vine Stalker growth]
  3019 | Sewer    | Reached XP level 8. HP: 28/44 MP: 7/9
  3107 | Sewer    | Reached skill level 5 in Dodging
  3792 | D:4      | Reached skill level 5 in Invocations
  3792 | D:4      | Reached XP level 9. HP: 48/48 MP: 9/13
  4081 | D:5      | Entered Level 5 of the Dungeon
  4166 | D:5      | Found a staircase to the Ecumenical Temple.
  4173 | Temple   | Entered the Ecumenical Temple
  4290 | Temple   | Became a worshipper of Uskayaw the Reveler
  4361 | D:5      | Reached * piety under Uskayaw
  4553 | D:5      | Reached ** piety under Uskayaw
  4637 | D:5      | Reached *** piety under Uskayaw
  4653 | D:5      | Reached **** piety under Uskayaw
  4920 | D:5      | Noticed Blork the orc
  4947 | D:5      | Killed Blork the orc
  5180 | D:6      | Noticed Menkaure
  5221 | D:6      | Killed Menkaure
  5261 | D:6      | Reached XP level 10. HP: 41/53 MP: 14/14
  5762 | D:6      | Gained mutation: You have a pair of small antennae on your head. [potion of mutation]
  5762 | D:6      | Gained mutation: You expend magic power (3 MP) to strengthen your wands. [potion of mutation]
  5762 | D:6      | Gained mutation: Your skin changes colour to match your surroundings (Stealth+). [potion of mutation]
  5910 | D:6      | Found Qysetekupt's Assorted Antiques.
  5929 | D:6      | Bought a dazzling scale mail for 243 gold pieces
  5939 | D:6      | Identified the +6 scale mail "Unutzoom" {rC- rN+ SInv} (You bought it in a shop on level 6 of the Dungeon)
  6796 | D:8      | Reached ***** piety under Uskayaw
  6981 | D:8      | Found a staircase to the Lair.
  7067 | D:8      | Reached XP level 11. HP: 36/62 MP: 8/15
  7128 | D:8      | Noticed Maurice
  7149 | D:8      | Killed Maurice
  7299 | D:8      | Noticed Psyche
  7311 | D:8      | Killed Psyche
  7322 | D:8      | Lost mutation: You have a pair of small antennae on your head. [potion of mutation]
  7322 | D:8      | Lost mutation: You expend magic power (3 MP) to strengthen your wands. [potion of mutation]
  7322 | D:8      | Gained mutation: You have an increased reservoir of magic. (+10% MP) [potion of mutation]
  7322 | D:8      | Gained mutation: Your mind is acute. (Int +2) [potion of mutation]
  7333 | D:8      | Found a bloodstained altar of Trog.
  7762 | D:9      | Noticed a two-headed ogre
  7781 | D:9      | Killed a two-headed ogre
  8610 | D:10     | Entered Level 10 of the Dungeon
  8611 | D:10     | Found a blossoming altar of Fedhas.
  8794 | D:10     | Found a flagged portal.
  8806 | Bailey   | Entered a bailey
  8814 | Bailey   | Noticed a deep elf mage
  8821 | Bailey   | Killed a deep elf mage
  8829 | Bailey   | Noticed a deep elf mage
  8830 | Bailey   | Noticed a deep elf mage
  8830 | Bailey   | Noticed a deep elf mage
  8831 | Bailey   | Noticed a deep elf mage
  8839 | Bailey   | Noticed a sixfirhy
  8846 | Bailey   | Killed a deep elf mage
  8849 | Bailey   | Killed a deep elf mage
  8853 | Bailey   | Noticed a deep elf mage
  8868 | Bailey   | Killed a deep elf mage
  8872 | Bailey   | Reached ****** piety under Uskayaw
  8882 | Bailey   | Killed a deep elf mage
  8886 | Bailey   | Killed a deep elf mage
  8966 | Bailey   | Noticed a deep elf mage
  8975 | Bailey   | Killed a deep elf mage
  8983 | Bailey   | Noticed a deep elf mage
  8983 | Bailey   | Noticed a deep elf mage
  8985 | Bailey   | Noticed a deep elf mage
  9011 | Bailey   | Killed a deep elf mage
  9011 | Bailey   | Gained mutation: You heal very quickly. [Vine Stalker growth]
  9011 | Bailey   | Reached XP level 12. HP: 66/66 MP: 20/20
  9479 | D:10     | Found a portal to a secret trove of treasure.
  9888 | D:11     | Found Heato's Magic Scroll Shoppe.
  9996 | D:11     | Noticed a two-headed ogre
 10015 | D:11     | Killed a two-headed ogre
 10416 | D:11     | Found a staircase to the Orcish Mines.
 10610 | Lair:1   | Entered Level 1 of the Lair of Beasts
 10795 | Lair:1   | Noticed Sonja
 10814 | Lair:1   | HP: 3/99 [komodo dragon (7)]
 10815 | Lair:1   | Mangled by a komodo dragon

Skill      XL: |  1  2  3  4  5  6  7  8  9 10 11 12 |
---------------+-------------------------------------+-----
Fighting       | 2 5 6 9 |  9.0
Stealth        | 5 |  5.2
Dodging        | 1 4 5 8 9 |  9.4
Short Blades   | 7 |  7.9
Armour         | 6 7 |  7.3
Invocations    | 5 7 9 |  9.1
Throwing       | 3 |  3.4

Action                   |  1- 3 |  4- 6 |  7- 9 | 10-12 || total
-------------------------+-------+-------+-------+-------++-------
Melee: Dagger            |    48 |   151 |   381 |  1030 ||  1610
       Bite              |    14 |    49 |   119 |   412 ||   594
 Fire: Blowgun           |    20 |     4 |     1 |    13 ||    38
Invok: Stomp             |       |       |     3 |     6 ||     9
       Line Pass         |       |       |     2 |     5 ||     7
       Grand Finale      |       |       |       |     2 ||     2
Evoke: Wand              |       |       |     2 |     2 ||     4
  Use: Scroll            |     1 |     5 |     3 |    10 ||    19
       Potion            |       |     3 |     3 |     6 ||    12
 Stab: Sleeping          |     5 |     4 |    14 |    11 ||    34
       Distracted        |       |     1 |     1 |     2 ||     4
       Paralysed         |       |       |     3 |    37 ||    40
       Confused          |       |       |     1 |     2 ||     3
  Eat: Chunk             |     2 |     3 |     6 |     9 ||    20
       Bread ration      |       |       |     1 |     3 ||     4
       Meat ration       |       |       |       |     2 ||     2
Armor: Robe              |    13 |    23 |    46 |       ||    82
       Skin              |       |     2 |       |     2 ||     4
       Scale mail        |       |       |    11 |   265 ||   276
Dodge: Dodged            |    22 |    62 |   191 |   507 ||   782
